 Dungeon Crawl Stone Soup version 0.21.1-1-g345015f (webtiles) character file.

11802 raistware the Destroyer (level 11, -6/68 HPs)
             Began as a Mummy Wizard on Apr 18, 2018.
             Was an Elder of Sif Muna.
             Mangled by a two-headed ogre
             ... wielding a +0 giant club
              (21 damage)
             ... on level 11 of the Dungeon.
             The game lasted 01:22:59 (12056 turns).

raistware the Destroyer (Mummy Wizard)             Turns: 12056, Time: 01:23:00

Health: -6/68      AC:  4    Str: 10    XL:     11   Next: 54%
Magic:  22/34      EV: 12    Int: 22    God:    Sif Muna [****..]
Gold:   88         SH:  4    Dex: 10    Spells: 10/30 levels left

rFire    . . .     SeeInvis .   E - +2 war axe (chop)
rCold    + . .     Gourm    .   k - +0 buckler
rNeg     + + +     Faith    .   a - +0 robe
rPois    ∞         Spirit   .   H - +1 hat {MR+}
rElec    .         Reflect  .   (no cloak)
rCorr    .         Harm     .   m - +0 pair of gloves
MR       ++...                  (no boots)
Stlth    ++........             l - amulet of regeneration
HPRegen  0.61/turn              i - ring of protection from fire
MPRegen  0.24/turn              x - ring of magical power

@: no status effects
A: no food or potions, fire vulnerability, cold resistance 1, negative energy
resistance 3, torment resistance, unbreathing
a: Divine Energy, Channel Magic, Forget Spell, Renounce Religion


You were on level 11 of the Dungeon.
You worshipped Sif Muna.
Sif Muna was greatly pleased with you.
You were not hungry.

You visited 2 branches of the dungeon, and saw 12 of its levels.
You also visited: Labyrinth and Ossuary.

You collected 697 gold pieces.
You spent 609 gold pieces at shops.

Inventory:

Hand Weapons
 y - a +1 vampiric war axe
 C - the +3 mace of Fedhas's Benevolence {drain, rElec Int+2 SInv Stlth-}
   (You found it on level 7 of the Dungeon)

   A truly terrible weapon, it drains the life of those it strikes.
   It affects your intelligence (+2).
   It insulates you from electricity.
   It lets you see invisible.
   It makes you less stealthy.
 E - a +2 war axe of chopping (weapon)
 F - a +0 dagger of venom
 J - a +0 whip of flaming
Armour
 a - a +0 robe (worn)
 k - a +0 buckler (worn)
 m - a +0 pair of gloves (worn)
 o - a +0 shield
 H - a +1 hat of magic resistance (worn)
 O - the +0 scale mail of the Journeyman {+Fly rF- MP+9}
   (You found it in a labyrinth)

   It makes you vulnerable to fire.
   It affects your magic capacity (+9).
   It lets you fly.
Jewellery
 i - a ring of protection from fire (left hand)
 l - an amulet of regeneration (around neck)
 n - an uncursed ring of magical power
 x - a ring of magical power (right hand)
 A - an uncursed ring of ice
 L - an uncursed amulet of faith {unknown}
 M - a cursed ring of protection from fire
Wands
 e - a wand of polymorph (14)
 s - a wand of iceblast (6)
 w - a wand of disintegration (34)
 G - a wand of random effects (15)
Scrolls
 d - 4 scrolls of identify
 f - 16 scrolls of teleportation
 g - 5 scrolls of amnesia {unknown}
 h - 8 scrolls of remove curse
 j - 3 scrolls of enchant armour
 p - a scroll of noise {unknown}
 q - a scroll of blinking
 r - a scroll of torment
 t - 2 scrolls of fear {unknown}
 u - 5 scrolls of enchant weapon
 z - 2 scrolls of random uselessness {unknown}
 B - 2 scrolls of immolation {unknown}
 D - 3 scrolls of silence
 I - 2 scrolls of magic mapping
 N - a scroll of fog {unknown}
Books
 b - a book of Clouds

   Spells                             Type                      Level
   a - Poisonous Vapours              Poison/Air                   2
   b - Mephitic Cloud                 Conjuration/Poison/Air       3
   c - Conjure Flame                  Conjuration/Fire             3
   d - Freezing Cloud                 Conjuration/Ice/Air          6
   e - Ring of Flames                 Charms/Fire                  7
 c - a book of Minor Magic

   Spells                             Type                      Level
   a - Magic Dart                     Conjuration                  1
   b - Blink                          Translocation                2
   c - Call Imp                       Summoning                    2
   d - Slow                           Hexes                        2
   e - Conjure Flame                  Conjuration/Fire             3
   f - Mephitic Cloud                 Conjuration/Poison/Air       3
 v - a book of Maledictions

   Spells                             Type                      Level
   a - Corona                         Hexes                        1
   b - Ensorcelled Hibernation        Hexes/Ice                    2
   c - Confuse                        Hexes                        3
   d - Tukima's Dance                 Hexes                        3
   e - Dazzling Spray                 Conjuration/Hexes            3
 K - a book of Necromancy

   Spells                             Type                      Level
   a - Pain                           Necromancy                   1
   b - Animate Skeleton               Necromancy                   1
   c - Vampiric Draining              Necromancy                   3
   d - Regeneration                   Charms/Necromancy            3
   e - Animate Dead                   Necromancy                   4
   f - Borgnjor's Vile Clutch         Necromancy/Earth             5


   Skills:
 - Level 4.0 Axes
 - Level 1.5 Dodging
 - Level 1.5 Stealth
 - Level 4.0 Shields
 + Level 10.3 Spellcasting
 + Level 11.9 Conjurations
 - Level 0.7 Summonings
 - Level 0.7 Translocations
 * Level 3.6 Ice Magic


You had 10 spell levels left.
You knew the following spells:

 Your Spells              Type           Power        Failure   Level  Hunger
a - Magic Dart            Conj           ####         1%          1    N/A
b - Blink                 Tloc           N/A          7%          2    N/A
c - Call Imp              Summ           ##......     7%          2    N/A
d - Conjure Flame         Conj/Fire      #####...     1%          3    N/A
e - Mephitic Cloud        Conj/Pois/Air  ####....     3%          3    N/A
f - Freezing Cloud        Conj/Ice/Air   ####......   71%         6    N/A
g - Dazzling Spray        Conj/Hex       #####.       1%          3    N/A

Dungeon Overview and Level Annotations

Branches:
Dungeon (11/15)            Temple (1/1) D:6            Lair (0/6) D:11
    Orc (0/2) D:11

Altars:
Ashenzari
Cheibriados
Dithmenos
Elyvilon
Fedhas
Gozag
Hepliaklqana
Kikubaaqudgha
Makhleb
Nemelex Xobeh
Okawaru
Qazlal
Ru
Sif Muna
Trog
Uskayaw
Vehumet
Wu Jian
Xom
Yredelemnul
Zin
The Shining One

Shops:
D:4 %   D:10 %?%*


Innate Abilities, Weirdness & Mutations

You do not eat or drink.
Your flesh is vulnerable to fire.
You are immune to poison.
Your flesh is cold resistant. (rC+)
You are immune to negative energy. (rN+++)
You are immune to unholy pain and torment.
You can survive without breathing.


Message History

Your crimson imp blinks!
Your iron imp hits the two-headed ogre but does no damage.
Your crimson imp misses the orc.
Casting: Magic Dart
Confirm with . or Enter, or press ? or * to list all spells.
Aiming: Mephitic Cloud
Press: ? - help, Shift-Dir - straight line, f/p - two-headed ogre
Aim: a two-headed ogre, wielding a giant club and a dire flail (heavily wounded)
The ball explodes into a vile cloud!
The stinking cloud engulfs the two-headed ogre.
The two-headed ogre is heavily wounded.
The stinking cloud engulfs your iron imp.
Your iron imp appears unharmed.
The stinking cloud engulfs you!
The stinking cloud engulfs the orc.
The two-headed ogre is engulfed in noxious fumes.
The two-headed ogre appears confused.
The two-headed ogre hits you with a giant club!!
* * * LOW HITPOINT WARNING * * *
The two-headed ogre hits you with a dire flail!!
You die...

##...............,,*,
#................,,*,
#......#.....#...,,,,
#......#........,,,,,
#......#.......,,,,,,
#......o.5...©.,,,,,,
####5o.########*****,
#.§O###*************
##.§@# **,,,,,,,,,***
#....##*,,,*****,,,**
#.....#*,,,,*,*,,,,**
#.....#*,*,,,,,,,*,**
##....#*,**,8,8,**,**
#.<..#*,*,,,_,,,*©**
######*,**,8,8,**,**
*,*,,,,,,,*,**
*,,,,*,*,,,,**


You could see a two-headed ogre (confused), an orc and a friendly iron imp.

Vanquished Creatures
  A minotaur (Lab)
  Erolcha (D:9)
  3 two-headed ogres
  Pikel (D:7)
  Joseph (D:7)
  A minotaur zombie (Lab)
  A hornet (D:10)
  A slime creature (D:8)
  Prince Ribbit (D:5)
  A hippogriff (D:10)
  5 yaks (D:9)
  A slave (D:7)
  An orc warrior (D:7)
  A sky beast (D:8)
  A black bear (D:10)
  A necrophage (D:7)
  3 ice beasts
  3 centaurs
  2 ogres (D:5)
  2 big kobolds
  4 bullfrogs
  A wyvern zombie (D:9)
  A wyvern skeleton (D:6)
  A scorpion (D:4)
  4 killer bees (D:8)
  A troll skeleton (Lab)
  A howler monkey (D:6)
  9 wights
  A spriggan skeleton (Lab)
  8 jellies
  5 centaur zombies
  3 crimson imps
  A quasit (D:4)
  3 bullfrog skeletons
  Crazy Yiuf (D:7)
  2 orc priests
  2 hounds
  2 human zombies (Ossuary)
  7 orc wizards
  2 centaur skeletons (Lab)
  4 iguanas
  13 worker ants
  A big kobold zombie (Ossuary)
  A hound zombie (D:6)
  An ogre skeleton (Lab)
  A hound skeleton (D:3)
  3 mummies
  2 howler monkey skeletons
  10 adders
  3 shadow imps
  29 oozes
  2 adder zombies (Ossuary)
  3 worms
  3 dart slugs
  5 leopard geckos
  18 orcs
  3 giant cockroaches
  21 goblins
  7 hobgoblins
  10 jackals
  17 kobolds
  3 quokkas
  3 ball pythons
  6 bats
  3 frilled lizards
  A goblin zombie (Ossuary)
  8 hobgoblin zombies (Ossuary)
  A jackal skeleton (D:5)
  2 jackal zombies (Ossuary)
  10 kobold zombies (Ossuary)
  A leopard gecko skeleton (D:4)
  7 orc zombies (Ossuary)
  5 rats
298 creatures vanquished.

Vanquished Creatures (collateral kills)
  Gastronok (D:8)
  An unseen horror (D:10)
  A centaur (D:8)
  An ogre (D:9)
  A bullfrog (D:10)
  2 crimson imps
  A hound zombie (D:8)
  A jackal (D:8)
  A quokka (D:10)
10 creatures vanquished.

Vanquished Creatures (others)
  2 killer bees (D:8)
  A worker ant (D:7)
  2 fungi
  A plant (D:11)
  5 toadstools (D:2)
11 creatures vanquished.

Grand Total: 319 creatures vanquished

Notes
Turn   | Place    | Note
-------+----------+-------------------------------------------
     0 | D:1      | raistware the Mummy Wizard began the quest for the Orb.
     0 | D:1      | Reached XP level 1. HP: 13/13 MP: 5/5
    17 | D:1      | Reached skill level 1 in Conjurations
   195 | D:1      | Reached XP level 2. HP: 19/19 MP: 0/7
   498 | D:1      | Reached skill level 2 in Conjurations
   895 | D:2      | Reached skill level 1 in Shields
   895 | D:2      | Reached XP level 3. HP: 24/24 MP: 8/8
  1072 | D:2      | Reached XP level 4. HP: 30/30 MP: 1/10
  1212 | D:2      | Learned a level 2 spell: Blink
  1215 | D:2      | Learned a level 2 spell: Call Imp
  1219 | D:2      | Learned a level 3 spell: Conjure Flame
  1223 | D:2      | Learned a level 3 spell: Mephitic Cloud
  1236 | D:2      | Reached skill level 3 in Conjurations
  1253 | D:2      | Reached XP level 5. HP: 32/35 MP: 10/11
  1423 | D:2      | Found a shattered altar of Ashenzari.
  2548 | D:3      | Reached skill level 4 in Conjurations
  2784 | D:3      | Reached XP level 6. HP: 41/41 MP: 12/12
  3221 | D:4      | Reached skill level 5 in Conjurations
  3221 | D:4      | Reached XP level 7. HP: 46/46 MP: 2/13
  3629 | D:4      | Found Haoffes's Food Boutique.
  4069 | D:5      | Entered Level 5 of the Dungeon
  4287 | D:5      | Found a radiant altar of Vehumet.
  4331 | D:5      | Noticed Prince Ribbit
  4360 | D:5      | Killed Prince Ribbit
  4360 | D:5      | Reached skill level 6 in Conjurations
  4481 | D:5      | Reached XP level 8. HP: 19/52 MP: 10/14
  4548 | D:5      | Found a glowing silver altar of Zin.
  4549 | D:5      | Found a blossoming altar of Fedhas.
  4679 | D:5      | Reached skill level 7 in Conjurations
  5544 | D:6      | Reached skill level 8 in Conjurations
  5562 | D:6      | Found a sand-covered staircase.
  5575 | Ossuary  | Entered an ossuary
  6478 | D:6      | Reached XP level 9. HP: 57/57 MP: 15/15
  6530 | D:6      | Reached skill level 9 in Conjurations
  6568 | D:6      | Found a staircase to the Ecumenical Temple.
  6569 | D:6      | You fall through a shaft!
  6569 | D:7      | Found a shadowy altar of Dithmenos.
  6659 | Temple   | Entered the Ecumenical Temple
  6753 | Temple   | Became a worshipper of Sif Muna the Loreminder
  7138 | D:7      | Noticed Joseph
  7172 | D:7      | Killed Joseph
  7557 | D:7      | Reached skill level 10 in Conjurations
  7565 | D:7      | Reached * piety under Sif Muna
  7567 | D:7      | Reached skill level 1 in Axes
  7729 | D:7      | Noticed Pikel
  7771 | D:7      | Killed Pikel
  7989 | D:7      | Found a runed door.
  7993 | D:7      | Noticed Crazy Yiuf
  8001 | D:7      | Killed Crazy Yiuf
  8005 | D:7      | Got a dazzling mace
  8013 | D:7      | Identified the +3 mace of Fedhas's Benevolence {drain, rElec Int+2 SInv Stlth-} (You found it on level 7 of the Dungeon)
  8474 | D:8      | Noticed a two-headed ogre
  8490 | D:8      | Killed a two-headed ogre
  8490 | D:8      | Reached ** piety under Sif Muna
  8490 | D:8      | Reached skill level 5 in Spellcasting
  8490 | D:8      | Reached XP level 10. HP: 43/63 MP: 0/17
  8577 | D:8      | Reached skill level 11 in Conjurations
  8943 | D:8      | Noticed Gastronok
  8980 | D:8      | Killed Gastronok
  9096 | D:8      | Noticed a two-headed ogre
  9123 | D:8      | Killed a two-headed ogre
  9123 | D:8      | Reached *** piety under Sif Muna
  9400 | D:8      | Found a sacrificial altar of Ru.
  9650 | D:9      | Reached XP level 11. HP: 30/68 MP: 16/24
  9873 | D:9      | Learned a level 6 spell: Freezing Cloud
  9975 | D:9      | Noticed Erolcha
 10049 | D:9      | Noticed a two-headed ogre
 10063 | D:9      | Killed a two-headed ogre
 10063 | D:9      | Reached **** piety under Sif Muna
 10137 | D:9      | Killed Erolcha
 10137 | D:9      | Reached skill level 1 in Ice Magic
 10405 | D:10     | Entered Level 10 of the Dungeon
 10590 | D:10     | Found Ecacycos's Assorted Antiques.
 10645 | D:10     | Found Asi Xacy's Magic Scroll Shop.
 10650 | D:10     | Bought a scroll of silence for 105 gold pieces
 10650 | D:10     | Bought a scroll of identify for 28 gold pieces
 10650 | D:10     | Bought 2 scrolls of enchant weapon for 210 gold pieces
 10650 | D:10     | Bought a scroll of identify for 28 gold pieces
 10650 | D:10     | Bought a scroll of blinking for 105 gold pieces
 10650 | D:10     | Bought a scroll of identify for 28 gold pieces
 10650 | D:10     | Bought a scroll of torment for 105 gold pieces
 10718 | D:10     | Killed an unseen horror
 10718 | D:10     | Reached skill level 10 in Spellcasting
 10869 | D:10     | Found Voptegg's Food Emporium.
 10958 | D:10     | Learned a level 3 spell: Dazzling Spray
 10978 | D:10     | Found Vaoz's Food Shop.
 11172 | D:11     | Found a labyrinth entrance.
 11184 | Lab      | Entered a labyrinth
 11598 | Lab      | Noticed a minotaur
 11620 | Lab      | Killed a minotaur
 11850 | Lab      | Got a spiked scale mail
 11850 | Lab      | Got a steaming chain mail
 11855 | D:11     | Noticed a two-headed ogre
 11865 | D:10     | Identified the +0 scale mail of the Journeyman {+Fly rF- MP+9} (You found it in a labyrinth)
 11866 | D:10     | Identified the cursed +1 chain mail "Zaser" {rN+} (You found it in a labyrinth)
 11887 | D:11     | Found a staircase to the Orcish Mines.
 12056 | D:11     | Mangled by a two-headed ogre

Skill      XL: |  1  2  3  4  5  6  7  8  9 10 11 |
---------------+----------------------------------+-----
Conjurations   | 1 2 3 4 5 6 8 10 11 | 11.9
Shields        | 1 2 3 4 |  4.0
Axes           | 2 3 4 |  4.0
Spellcasting   | 5 9 10 | 10.3
Ice Magic      | 3 |  3.6
Dodging        | |  1.5
Stealth        | |  1.5
Summonings     | |  0.7
Translocations | |  0.7

Action                   |  1- 3 |  4- 6 |  7- 9 | 10-12 || total
-------------------------+-------+-------+-------+-------++-------
Melee: Hand axe          |    14 |    48 |    42 |       ||   104
       War axe           |       |       |    91 |    58 ||   149
       Whip              |       |       |     6 |       ||     6
       Mace              |       |       |       |     1 ||     1
 Cast: Magic Dart        |    64 |   153 |   305 |   210 ||   732
       Conjure Flame     |       |     8 |    52 |    51 ||   111
       Mephitic Cloud    |       |     3 |    21 |    14 ||    38
       Call Imp          |       |       |    20 |    39 ||    59
       Blink             |       |       |     1 |     5 ||     6
       Dazzling Spray    |       |       |       |     1 ||     1
Evoke: Wand              |       |       |     3 |     4 ||     7
  Use: Scroll            |       |     4 |     1 |     8 ||    13
 Stab: Confused          |       |     2 |     3 |       ||     5
Armor: Robe              |     9 |    19 |    50 |    22 ||   100
Dodge: Dodged            |    12 |    32 |   161 |    69 ||   274
Block: Buckler           |       |     5 |    53 |    25 ||    83
